General information
- name: BNet
- type: Ladder team game (AT/RT)
- host: Battle.net
- saver: WH0RE.
map: PhantomGrove
- players: 4
- length: 21:42
- speed: Fast
- version: 1.23 W3XP
- replay type: Public
» download(129 KB)
Players
team 1 (winner)
DR.OCTAGON (
blue | 103 APM | 2224 actions | 21:41)
7 Death Knight
3 Death Coil
3 Unholy Aura
1 Death Pact
5 Lich
3 Frost Nova
1 Frost Armor
1 Death and Decay
» actions
| Assign group hotkey | 38 | |
| Basic commands | 204 | |
| Build / train | 78 | |
| Enter build submenu | 19 | |
| Enter hero's abilities submenu | 14 | |
| Give item / drop item | 9 | |
| Right click | 1025 | |
| Select / deselect | 292 | |
| Select group hotkey | 402 | |
| Use ability | 143 | |
2224 total
» units
| Acolyte | 5 | |
| Ghoul | 5 | |
| Crypt Fiend | 15 | |
| Obsidian Statue | 4 | |
| Frost Wyrm | 8 | |
37 total
» upgrades
| Creature Attack | 3 | |
| Destroyer Form | 1 | |
| Web | 1 | |
| Creature Carapace | 1 | |
6 total
» buildings
| Graveyard | 1 | |
| Crypt | 1 | |
| Altar of Darkness | 1 | |
| Ziggurat | 10 | |
| Tomb of Relics | 1 | |
| Nerubian Tower | 1 | |
| Halls of the Dead | 2 | |
| Black Citadel | 1 | |
| Slaughterhouse | 1 | |
| Sacrificial Pit | 1 | |
| Boneyard | 1 | |
| Spirit Tower | 2 | |
23 total
» build order
00:05 Graveyard
00:21 Crypt
00:43 Altar of Darkness
00:59 Ziggurat
01:24 Tomb of Relics
02:03 Ziggurat
02:26 Nerubian Tower
04:13 Halls of the Dead
04:13 Halls of the Dead
04:55 Ziggurat
05:02 Ziggurat
07:04 Black Citadel
07:10 Slaughterhouse
09:41 Sacrificial Pit
11:10 Boneyard
11:11 Ziggurat
11:12 Ziggurat
11:28 Spirit Tower
13:22 Spirit Tower
14:56 Ziggurat
14:58 Ziggurat
14:59 Ziggurat
16:33 Ziggurat
» items
| Rod of Necromancy | 2 | |
| Boots of Speed | 1 | |
| Orb of Corruption | 2 | |
| Scroll of Town Portal | 1 | |
| Scroll of Healing | 1 | |
| Potion of Mana | 1 | |
8 total
WH0RE. (
teal | 157 APM | 3414 actions | 21:42)
4 Demon Hunter
2 Mana Burn
2 Evasion
3 Pandaren Brewmaster
2 Breath of Fire
1 Drunken Haze
» actions
| Assign group hotkey | 33 | |
| Basic commands | 53 | |
| Build / train | 91 | |
| Enter build submenu | 29 | |
| Enter hero's abilities submenu | 8 | |
| Give item / drop item | 2 | |
| Remove unit from queue | 8 | |
| Right click | 804 | |
| Select / deselect | 240 | |
| Select group hotkey | 2077 | |
| Use ability | 67 | |
3414 total
» units
| Wisp | 39 | |
| Huntress | 4 | |
| Druid of the Claw | 3 | |
| Dryad | 10 | |
| Archer | 7 | |
63 total
» upgrades
| Druid of the Claw Training | 1 | |
| Abolish Magic | 1 | |
| Reinforced Hides | 1 | |
| Moon Armor | 1 | |
| Improved Bows | 1 | |
5 total
» buildings
| Altar of Elders | 2 | |
| Moon Well | 9 | |
| Ancient of War | 5 | |
| Hunter's Hall | 1 | |
| Tree of Ages | 3 | |
| Tree of Life | 3 | |
| Ancient of Lore | 4 | |
| Ancient of Wonders | 1 | |
| Tree of Eternity | 1 | |
| Ancient of Wind | 2 | |
31 total
» build order
00:05 Altar of Elders
00:24 Moon Well
01:42 Ancient of War
01:43 Ancient of War
01:46 Ancient of War
02:24 Moon Well
02:27 Moon Well
02:45 Moon Well
03:32 Hunter's Hall
04:03 Tree of Ages
05:00 Tree of Life
06:41 Ancient of Lore
06:41 Ancient of Lore
09:59 Ancient of Lore
10:03 Ancient of Lore
10:11 Tree of Life
11:21 Moon Well
11:22 Moon Well
11:27 Moon Well
11:47 Altar of Elders
11:50 Moon Well
13:13 Tree of Life
14:44 Ancient of War
14:45 Ancient of War
16:28 Tree of Ages
16:40 Ancient of Wonders
17:10 Moon Well
20:12 Tree of Eternity
20:15 Ancient of Wind
20:15 Ancient of Wind
» items
| Boots of Speed | 1 | |
| Staff of Teleportation | 1 | |
2 total
team 2 (loser)
NagaSolth (
green | 103 APM | 2237 actions | 21:40)
4 Death Knight
2 Death Coil
2 Unholy Aura
» actions
| Assign group hotkey | 40 | |
| Basic commands | 127 | |
| Build / train | 80 | |
| ESC pressed | 2 | |
| Enter build submenu | 22 | |
| Enter hero's abilities submenu | 4 | |
| Right click | 1039 | |
| Select / deselect | 301 | |
| Select group hotkey | 557 | |
| Use ability | 65 | |
2237 total
» units
| Acolyte | 13 | |
| Ghoul | 3 | |
| Crypt Fiend | 8 | |
| Necromancer | 13 | |
| Meatwagon | 4 | |
| Gargoyle | 7 | |
48 total
» upgrades
| Exhume Corpses | 1 | |
| Necromancer Training | 2 | |
| Skeletal Longevity | 1 | |
| Unholy Strength | 1 | |
| Web | 1 | |
| Unholy Armor | 1 | |
| Skeletal Mastery | 1 | |
| Creature Attack | 1 | |
9 total
» buildings
| Ziggurat | 8 | |
| Crypt | 3 | |
| Altar of Darkness | 1 | |
| Nerubian Tower | 1 | |
| Graveyard | 1 | |
| Halls of the Dead | 4 | |
| Spirit Tower | 1 | |
| Temple of the Damned | 2 | |
| Slaughterhouse | 1 | |
| Black Citadel | 2 | |
24 total
» build order
00:09 Ziggurat
00:12 Crypt
00:18 Crypt
00:44 Altar of Darkness
01:06 Nerubian Tower
01:15 Graveyard
02:29 Halls of the Dead
02:30 Halls of the Dead
02:30 Halls of the Dead
02:30 Halls of the Dead
02:41 Ziggurat
03:06 Ziggurat
03:42 Spirit Tower
05:04 Temple of the Damned
05:07 Temple of the Damned
05:10 Slaughterhouse
05:15 Ziggurat
09:52 Black Citadel
09:54 Ziggurat
09:57 Ziggurat
10:04 Ziggurat
10:05 Ziggurat
14:29 Crypt

»
umi (
purple | 82 APM | 1760 actions | 21:35)
4 Mountain King
2 Storm Bolt
2 Bash
» actions
| Assign group hotkey | 38 | |
| Basic commands | 162 | |
| Build / train | 64 | |
| ESC pressed | 1 | |
| Enter build submenu | 26 | |
| Enter hero's abilities submenu | 4 | |
| Right click | 462 | |
| Select / deselect | 467 | |
| Select group hotkey | 491 | |
| Use ability | 45 | |
1760 total
» units
| Peasant | 9 | |
| Footman | 16 | |
| Rifleman | 4 | |
| Flying Machine | 15 | |
| Knight | 1 | |
45 total
» upgrades
| Swords | 1 | |
| Plating | 1 | |
| Defend | 1 | |
| Long Rifles | 1 | |
| Gunpowder | 1 | |
| Flying Machine Bombs | 1 | |
6 total
» buildings
| Altar of Kings | 1 | |
| Barracks | 2 | |
| Farm | 8 | |
| Scout Tower | 4 | |
| Arcane Tower | 2 | |
| Arcane Vault | 1 | |
| Blacksmith | 1 | |
| Lumber Mill | 1 | |
| Keep | 1 | |
| Guard Tower | 2 | |
| Workshop | 2 | |
| Castle | 1 | |
26 total
» build order
00:08 Altar of Kings
00:23 Barracks
00:31 Farm
01:11 Scout Tower
01:51 Arcane Tower
02:01 Farm
02:29 Barracks
02:41 Farm
03:04 Arcane Vault
03:18 Farm
03:53 Blacksmith
04:52 Farm
05:36 Farm
06:53 Farm
07:25 Lumber Mill
07:47 Scout Tower
10:00 Keep
10:23 Guard Tower
11:42 Scout Tower
12:37 Workshop
12:40 Workshop
12:50 Farm
13:17 Arcane Tower
13:31 Scout Tower
14:26 Guard Tower
15:48 Castle
» items
| Scroll of Regeneration | 1 | |
| Scroll of Town Portal | 1 | |
2 total
Chat log
(00:43 / Allies) WH0RE.: i could talk about it later
(00:46 / Allies) WH0RE.: its weird though
(00:47 / Allies) DR.OCTAGON: sure
(00:49 / Allies) DR.OCTAGON: lol
(00:52 / Allies) DR.OCTAGON: i dunno, you dont have to
(00:53 / Allies) DR.OCTAGON: lmao
(01:08 / Allies) DR.OCTAGON: when im taking my test
(01:14 / Allies) DR.OCTAGON: writing essays only thing thats going to be on my mind
(01:20 / Allies) DR.OCTAGON: IS THAT I CANT WAIT TO HEAR ABOUT IT
(01:31 / Allies) WH0RE.: lol
(01:43 / Allies) DR.OCTAGON: >_+>
(02:11 / Allies) DR.OCTAGON: oh and
(02:15 / Allies) DR.OCTAGON: can i get that 100 gold
(02:16 / Allies) DR.OCTAGON: everygfame
(02:16 / Allies) DR.OCTAGON: lol
(02:22 / Allies) DR.OCTAGON: i cant believe ive forgottento remidn u
(02:47 / All) DR.OCTAGON:
(02:48 / All) DR.OCTAGON:
(02:48 / All) DR.OCTAGON:
(02:50 / All) WH0RE.:
(02:51 / All) WH0RE.: ~~~
(03:38 / Allies) WH0RE.: lmao forgot to build hall
(03:51 / Allies) DR.OCTAGON: nice!
(03:53 / Allies) DR.OCTAGON: :333333
(04:21 / Allies) DR.OCTAGON: is that his gyard?
(04:22 / Allies) DR.OCTAGON: zz
(05:13 / Allies) DR.OCTAGON: hey
(05:31 / Allies) DR.OCTAGON: stop
(05:32 / Allies) DR.OCTAGON: come
(05:33 / Allies) DR.OCTAGON: COME HERE
(05:40 / Allies) DR.OCTAGON: :D
(05:43 / Allies) WH0RE.: :3
(06:42 / Allies) DR.OCTAGON: wood
(07:24 / Allies) DR.OCTAGON: lets go
(08:09 / Allies) DR.OCTAGON: ?
(08:11 / Allies) WH0RE.: purples down there
(08:11 / Allies) DR.OCTAGON: k
(08:17 / Allies) DR.OCTAGON: huh?
(08:20 / Allies) DR.OCTAGON: k
(08:30 / Allies) DR.OCTAGON: fuck
(08:30 / Allies) DR.OCTAGON: wisps
(08:31 / Allies) DR.OCTAGON: mass them
(09:09 / Allies) DR.OCTAGON: uhh
(09:23 / Allies) DR.OCTAGON: tech
(09:24 / Allies) DR.OCTAGON: buildings
(09:25 / Allies) DR.OCTAGON: here
(09:25 / Allies) DR.OCTAGON: asap
(09:43 / Allies) DR.OCTAGON: and efeed
(09:49 / All) umi:
(09:50 / All) umi:
(09:51 / Allies) DR.OCTAGON: tharts really dumb
(09:51 / All) umi:
(09:52 / Allies) DR.OCTAGON: we should
(09:54 / Allies) DR.OCTAGON: have easily
(09:56 / Allies) DR.OCTAGON: been able to see this coming
(10:16 / Allies) WH0RE.: their bad too
(10:17 / Allies) WH0RE.: sigh
(10:39 / Allies) DR.OCTAGON: ill need wisps
(10:42 / Allies) DR.OCTAGON: you to be veryh accuare
(10:45 / Allies) DR.OCTAGON: wit the wisps
(10:48 / Allies) DR.OCTAGON: when the come to me
(12:55 / Allies) WH0RE.: ?
(12:59 / Allies) DR.OCTAGON: w00d love
(13:03 / Allies) WH0RE.: i had none
(17:23 / Allies) DR.OCTAGON: sigh.
(17:29 / Allies) WH0RE.: mass fiends
(17:29 / Allies) DR.OCTAGON: i got abus
(17:32 / Allies) DR.OCTAGON: coming
(17:32 / Allies) DR.OCTAGON: in
(17:35 / Allies) DR.OCTAGON: 10 minutes
(21:04 / All) DR.OCTAGON: gg
(21:10 / All) NagaSolth: gg
(21:38 / All) NagaSolth: gg
(21:40 / All) DR.OCTAGON: gg